 Dungeon Crawl Stone Soup version 0.26-a0-737-g4e9f4955e2 (webtiles) character file.

Game seed: 7104650306805730591

702 Queen the Slasher (level 7, -15/60 HPs)
             Began as a Yellow Draconian Fighter on Nov 4, 2020.
             Killed from afar by Maggie (20 damage)
             ... with a bolt of fire
             ... on level 6 of the Dungeon.
             The game lasted 00:07:49 (4961 turns).

Queen the Slasher (Yellow Draconian Fighter)        Turns: 4961, Time: 00:07:50

Health: -15/60     AC:  9    Str: 20    XL:     7   Next: 39%
Magic:  7/7        EV: 11    Int:  8    God:
Gold:   417        SH:  9    Dex: 11    Spells: 6/6 levels left

rFire    . . .     SeeInvis .   a - +0 long sword
rCold    . . .     Faith    .   b - +0 kite shield
rNeg     . . .     Spirit   .   (armour unavailable)
rPois    .         Reflect  .   (helmet restricted)
rElec    .         Harm     .   r - +0 cloak
rCorr    +         Rampage  .   t - +0 pair of gloves
MR       .....                  k - +0 pair of boots (curse)
Stlth    +.........             (no amulet)
HPRegen  0.20/turn              p - ring of flight
MPRegen  0.10/turn              (no ring)

@: short of breath
A: spit acid, unfitting armour, cold-blooded, acid resistance, AC +6
a: Breathe Acid, Evoke Flight


You were on level 6 of the Dungeon.
You visited 1 branch of the dungeon, and saw 6 of its levels.

You collected 417 gold pieces.

Inventory:

Hand Weapons
 a - a +0 long sword (weapon)
Armour
 b - a +0 kite shield (worn)
 k - a cursed +0 pair of boots (worn)
 r - a +0 cloak (worn)
 t - a +0 pair of gloves (worn)
Jewellery
 p - a ring of flight (left hand)
Wands
 u - a wand of flame (23)
Scrolls
 d - a scroll of magic mapping
 e - 3 scrolls of fear
 g - 5 scrolls of remove curse
 h - 2 scrolls of random uselessness {unknown}
 l - 4 scrolls of enchant armour {unknown}
 m - a scroll of blinking {unknown}
 n - a scroll of enchant weapon
 v - 2 scrolls of fog {unknown}
 w - a scroll of immolation {unknown}
 x - 2 scrolls of teleportation {unknown}
 y - a scroll of amnesia {unknown}
Potions
 c - 3 potions of might
 f - 6 potions of curing {unknown}
 i - a potion of ambrosia {unknown}
 j - 2 potions of mutation {unknown}
 o - a potion of berserk rage {unknown}
 q - a potion of lignification {unknown}
 s - a potion of brilliance {unknown}
 z - 2 potions of flight {unknown}
 A - 2 potions of heal wounds {unknown}


   Skills:
 + Level 4.9 Fighting
 + Level 5.6 Long Blades
 + Level 4.2 Dodging
 + Level 4.7 Shields


You had 6 spell levels left.
You didn't know any spells.
Your spell library contained the following spells:

 Spells                   Type           Power        Failure   Level
 Sandblast                Erth           #.....       85%         1
 Passwall                 Tmut/Erth      #.......     94%         2
 Stone Arrow              Conj/Erth      #.....       99%         3
 Petrify                  Tmut/Erth      #.......     100%        4
 Lee's Rapid Deconstruct  Erth           #.........   100%        5


Dungeon Overview and Level Annotations

Branches:
Dungeon (6/15)
 Temple: D:4-7

Altars:
Dithmenos

Annotations:
D:6 Maggie


Innate Abilities, Weirdness & Mutations

You can spit globs of acid.
Your golden yellow scales are hard. (AC +6)
You cannot fit into any form of body armour.
You are cold-blooded and may be slowed by cold attacks.
You are resistant to acid. (rCorr)


Message History

The bolt of fire hits you!!
* * * LOW HITPOINT WARNING * * *
Press: ? - help, Shift-Dir - straight line, f - Maggie
Aim: Maggie, wielding a +0 morningstar, wearing +0 steam dragon scales and carrying a wand of flame (11) (lightly wounded)
You spit a glob of acid.
The glob of acid hits Maggie!
Maggie is splashed with acid.
The acid corrodes Maggie!
Maggie is moderately wounded.
Maggie closely misses you.
You riposte.
You closely miss Maggie.
Maggie is moderately wounded.
You hit Maggie.
Maggie is heavily wounded.
You block Maggie's attack.
You hit Maggie. You tail-slap Maggie.
Maggie is heavily wounded.
You block Maggie's attack.
You completely miss Maggie. You tail-slap Maggie.
Maggie is heavily wounded.
Maggie gestures at you while chanting. The bolt of fire hits you!!
You die...

###..# #....#.#...#.#.#.#
.##..# #....#.#.#.#...#.#
..#..####....#.#.#.#####.#
#..............#.#.......#
#######.########.#########
#.# #.# #.# #.# # #.# #.#
..# #@# ### #@# #.# #.#
#.# #.# #.# ..#


You could see Maggie (corroded).

Vanquished Creatures
  A black bear (D:6)
  A sky beast (D:6)
  2 scorpions
  A howler monkey (D:4)
  A centaur zombie (D:5)
  A hound (D:6)
  2 orc priests
  A worker ant (D:4)
  5 gnolls
  7 adders
  A shadow imp (D:6)
  A white imp (D:5)
  An adder skeleton (D:4)
  A worm (D:4)
  5 leopard geckos
  8 orcs
  2 ball pythons (D:3)
  4 giant cockroaches
  6 goblins
  13 hobgoblins
  6 jackals
  A quokka (D:3)
  5 bats
  6 frilled lizards
  7 kobolds
  2 quokka skeletons (D:4)
  7 rats
98 creatures vanquished.

Notes
Turn   | Place    | Note
-------+----------+-------------------------------------------
     0 | D:1      | Queen the Draconian Fighter began the quest for the Orb.
     0 | D:1      | Reached XP level 1. HP: 19/19 MP: 1/1
   282 | D:1      | Reached XP level 2. HP: 26/26 MP: 2/2
   659 | D:1      | Reached XP level 3. HP: 12/33 MP: 3/3
  1826 | D:3      | Reached skill level 3 in Long Blades
  1826 | D:3      | Reached XP level 4. HP: 40/40 MP: 4/4
  2137 | D:3      | Found a faded altar of an unknown god.
  2705 | D:4      | Reached XP level 5. HP: 46/46 MP: 5/5
  3041 | D:4      | Reached skill level 4 in Long Blades
  3041 | D:4      | Reached XP level 6. HP: 36/53 MP: 6/6
  3629 | D:5      | Entered Level 5 of the Dungeon
  3949 | D:5      | Found a shadowy altar of Dithmenos.
  4413 | D:6      | Reached skill level 5 in Long Blades
  4575 | D:6      | Noticed a sky beast
  4606 | D:6      | Killed a sky beast
  4606 | D:6      | Your scales start taking on a golden yellow colour.
  4606 | D:6      | Reached XP level 7. HP: 45/60 MP: 7/7
  4606 | D:6      | Gained mutation: You are resistant to acid. (rCorr) [Yellow
                  | Draconian growth]
  4948 | D:6      | Noticed Maggie
  4961 | D:6      | Killed from afar by Maggie

Illustrated notes

Levels and vault maps discovered:
D:1:      lemuel_arrival_muddy, layout_basic
D:2:      layout_basic, kennysheep_potato
D:3:      layout_basic, chequers_ecumenical_altar_simple,
          kennysheep_generic_room_8
D:4:      layout_basic
D:5:      layout_loops_ring, nicolae_dithmenos_through_a_glass_darkly
D:6:      layout_basic, minmay_manual_monstrance, uniq_grinder, uniq_maggie

Skill      XL: |  1  2  3  4  5  6 |
---------------+-------------------+-----
Dodging        | 3 4 |  4.2
Fighting       | 4 |  4.9
Long Blades    | 3 4 5 |  5.6
Shields        | 4 |  4.7

Action                   |  1- 3 |  4- 6 |  7- 9 || total
-------------------------+-------+-------+-------++-------
Melee: Long sword        |   102 |   210 |    20 ||   332
       Tailslap          |    10 |    28 |     4 ||    42
       Unarmed           |    21 |       |       ||    21
 Abil: Breathe Acid      |       |       |     2 ||     2
  Use: Scroll            |       |     4 |       ||     4
 Stab: Sleeping          |     2 |     1 |       ||     3
Armor: Skin              |    27 |    52 |    13 ||    92
Dodge: Dodged            |    57 |    94 |    25 ||   176
Block: Kite shield       |    51 |    96 |    17 ||   164
       Rpst.: Long sword |    12 |    24 |     4 ||    40

Table legend: (Time is in decaauts)
 A = Elapsed time spent in this place.
 B = Non-inter-level travel time spent in this place.
 C = Inter-level travel time spent in this place.
 D = Time resting spent in this place.
 E = Time spent auto-exploring this place.
 F = Levels seen in this place.
 G = Mean time per level.
                   A        B        C        D        E       F      G
               +--------+--------+--------+--------+--------+-----+--------+
         Total |   5046 |   4884 |    162 |    158 |   3917 |   6 |  841.0 |
       Dungeon |   5046 |   4884 |    162 |    158 |   3917 |   6 |  841.0 |
               +--------+--------+--------+--------+--------+-----+--------+

Top non-repeatable levels by time:
     D:1: 1047 daAuts
     D:4: 954 daAuts
     D:3: 908 daAuts
     D:2: 784 daAuts
     D:5: 781 daAuts
     D:6: 569 daAuts
